[Event "Titled Tuesday Blitz May 2 Late 2023"]
[White "Srdanovic, Jovana"]
[Black "Przybylski, Wojciech"]
[WhiteFideId "954810"]
[BlackFideId "1117599"]
[WhiteElo "2145"]
[BlackElo "2222"]
[Result "1-0"]
[Round "04"]
[TimeControl "180+2"]
[Date "2023.05.02"]
[WhiteClock "0:01:59"]
[BlackClock "0:00:05"]

1. e4 e5 2. Nf3 Nc6 3. d4 exd4 4. Bc4 Nf6 5. O-O Bc5 6. e5 d5 7. exf6 dxc4 8. fxg7 Rg8 9. Bg5 Qd5 10. Nc3 Qf5 11. Re1+ Be6 12. Ne4 Rxg7 13. Nh4 Qxg5 14. Nxg5 Rxg5 15. f4 d3+ 16. Kh1 Rd5 17. f5 Bf2 18. fxe6 Bxh4 19. exf7+ Kf8 20. Re8+ Rxe8 21. fxe8=Q+ Kxe8 22. cxd3 cxd3 23. Qg4 Ne7 24. Qxh4 d2 25. Qg4 c5 26. h3 b5 27. Rd1 c4 28. Qf3 Rd3 29. Qxd3 cxd3 30. Rxd2 Kf7 31. Rxd3 Ng6 32. Rd7+ Ke6 33. Rxa7 Nf4 34. Rxh7 Ne2 35. Kh2 Nf4 36. Rh6+ Kf5 37. Rb6 Ke4 38. Rxb5 Kd3 39. a4 Kc4 40. Rb8 Ne6 41. a5 Kd3 42. a6 1-0


[Site "https://www.chess.com"]

[Event "Titled Tuesday Blitz May 2 Late 2023"]
[White "Adel, Sara"]
[Black "Jimenez Almeida, Luis David"]
[WhiteFideId "10616764"]
[BlackFideId "22242244"]
[WhiteElo "1982"]
[BlackElo "2245"]
[Result "0-1"]
[Round "04"]
[TimeControl "180+2"]
[Date "2023.05.02"]
[WhiteClock "0:00:42"]
[BlackClock "0:00:42"]

1. e4 Nf6 2. e5 Nd5 3. d4 d6 4. exd6 exd6 5. c3 Be7 6. Bd3 O-O 7. Nf3 Bg4 8. O-O Nc6 9. Be3 Re8 10. Nbd2 Nxe3 11. fxe3 d5 12. e4 dxe4 13. Nxe4 Qd7 14. Qb3 Be6 15. Qxb7 Rab8 16. Qa6 Rb6 17. Qa4 Rxb2 18. Bb5 Rxb5 19. Qxb5 Rb8 20. Qe2 Na5 21. Qf2 h6 22. Ne5 Qd5 23. Ng3 Bd6 24. Rae1 Nc6 25. Nxc6 Qxc6 26. Rxe6 fxe6 27. Qf7+ Kh8 28. Nh5 Rg8 29. Kh1 Qxc3 30. Qxe6 Qxd4 31. Re1 Qh4 32. g3 Qxh5 33. Qe4 Qf7 34. Kg2 Rf8 35. Re2 Qf1# 0-1


[Site "https://www.chess.com"]

[Event "Titled Tuesday Blitz May 2 Late 2023"]
[White "Rafiee, Makan"]
[Black "Torres Dominguez, David"]
[WhiteFideId "24609340"]
[BlackFideId "2220857"]
[WhiteElo "2327"]
[BlackElo "1999"]
[Result "1-0"]
[Round "04"]
[TimeControl "180+2"]
[Date "2023.05.02"]
[WhiteClock "0:02:01"]
[BlackClock "0:01:07"]

1. e4 e5 2. Nf3 Nc6 3. Bb5 Nge7 4. O-O g6 5. d4 exd4 6. c3 dxc3 7. Nxc3 Bg7 8. Bg5 f6 9. Bh4 O-O 10. Re1 d6 11. Rc1 a6 12. Bc4+ Kh8 13. a3 Bg4 14. h3 Bxf3 15. Qxf3 Ne5 16. Qe2 Nxc4 17. Qxc4 c6 18. Rcd1 d5 19. exd5 cxd5 20. Nxd5 Nxd5 21. Rxd5 Qb6 22. Rd7 Rfe8 23. Rxe8+ Rxe8 24. Qf7 Rg8 25. Rxb7 Qd6 26. b4 g5 27. Bg3 Qd1+ 28. Kh2 f5 29. Qxg7+ Rxg7 30. Rb8+ Rg8 31. Be5# 1-0


[Site "https://www.chess.com"]

[Event "Titled Tuesday Blitz May 2 Late 2023"]
[White "Sai Han Thiha"]
[Black "Kalaiyalahan, Akshaya"]
[WhiteFideId "13012290"]
[BlackFideId "422894"]
[WhiteElo "1954"]
[BlackElo "2043"]
[Result "1-0"]
[Round "04"]
[TimeControl "180+2"]
[Date "2023.05.02"]
[WhiteClock "0:00:06"]
[BlackClock "0:00:01"]

1. d4 Nf6 2. c4 g6 3. Nc3 Bg7 4. e4 d6 5. Nf3 O-O 6. Be2 e5 7. Be3 Nc6 8. d5 Ne7 9. Nd2 Nd7 10. f3 f5 11. b4 f4 12. Bf2 a5 13. bxa5 Rxa5 14. Nb3 Ra8 15. c5 dxc5 16. Nxc5 Nxc5 17. Bxc5 Kh8 18. a4 Bd7 19. O-O b6 20. Bb4 Rf6 21. Bb5 g5 22. d6 cxd6 23. Nd5 Nxd5 24. Qxd5 Be6 25. Qxd6 Qxd6 26. Bxd6 Bc4 27. Bxc4 Rxd6 28. Bd5 Rc8 29. Rfc1 Rdd8 30. Rab1 Bf8 31. Kf1 Bc5 32. Ke2 Rc7 33. Rb5 Rdc8 34. Be6 Re8 35. Bf5 Ra8 36. Rc4 Ra5 37. Kd3 Rxb5 38. axb5 Ra7 39. Rc2 Ra3+ 40. Kc4 Kg7 41. Kd5 Rd3+ 42. Kxe5 Rb3 43. Bd7 h6 44. Kf5 Rb1 45. h4 gxh4 46. Kxf4 Be7 47. Bh3 Bg5+ 48. Kf5 Rxb5+ 49. Ke6 Rc5 50. Rb2 b5 51. Ra2 b4 52. Ra7+ Kg6 53. Bf5+ Kh5 54. Rg7 b3 55. Bg4# 1-0


[Site "https://www.chess.com"]

[Event "Titled Tuesday Blitz May 2 Late 2023"]
[White "Prydun, Andriy"]
[Black "Quirke, Jeffrey"]
[WhiteFideId "14145898"]
[BlackFideId "2013029"]
[WhiteElo "2164"]
[BlackElo "2007"]
[Result "1/2-1/2"]
[Round "04"]
[TimeControl "180+2"]
[Date "2023.05.02"]
[WhiteClock "0:00:13"]
[BlackClock "0:00:15"]

1. e4 Nf6 2. e5 Nd5 3. d4 d6 4. c4 Nb6 5. exd6 exd6 6. h3 Be7 7. Nf3 Bf6 8. Be2 Nc6 9. O-O O-O 10. Be3 Bf5 11. Nbd2 Re8 12. Re1 h6 13. a3 a5 14. b3 d5 15. c5 Nd7 16. Nf1 Nf8 17. Bb5 Be4 18. Ng3 Ne6 19. Nh5 Bxf3 20. Qxf3 Bxd4 21. Bxc6 bxc6 22. Bxd4 Nxd4 23. Qg4 Qg5 24. Qxd4 Qxh5 25. Qf4 d4 26. Qxc7 Qxc5 27. Rec1 Qd5 28. Qxc6 Rad8 29. Qxd5 Rxd5 30. Rd1 d3 31. Rd2 Rb8 32. Rb1 f5 33. b4 axb4 34. axb4 Kf7 35. Rb3 Ke6 36. Rbxd3 Rxd3 37. Rxd3 Rxb4 38. g3 h5 39. h4 g6 40. Kg2 Ra4 41. Rc3 Rb4 1/2-1/2


[Site "https://www.chess.com"]

[Event "Titled Tuesday Blitz May 2 Late 2023"]
[White "Rottenwohrer Suarez, Juan"]
[Black "Fuentes Godoy, Lilia Ivonne"]
[WhiteFideId "32068182"]
[BlackFideId "5104130"]
[WhiteElo "2174"]
[BlackElo "2096"]
[Result "1-0"]
[Round "04"]
[TimeControl "180+2"]
[Date "2023.05.02"]
[WhiteClock "0:00:05"]
[BlackClock "0:00:01"]

1. d4 d5 2. c4 e6 3. Nc3 c6 4. Nf3 dxc4 5. a4 Bb4 6. e3 b5 7. Bd2 a5 8. axb5 Bxc3 9. Bxc3 cxb5 10. b3 Bb7 11. bxc4 b4 12. Bb2 Nf6 13. Bd3 Nbd7 14. O-O O-O 15. Qc2 Nb6 16. e4 g6 17. c5 Nbd7 18. Qe2 Bc6 19. Nd2 a4 20. Bb5 Bxb5 21. Qxb5 a3 22. Bc1 Rb8 23. Qc4 Qc7 24. f3 Rfc8 25. Nb3 e5 26. Be3 Nb6 27. Qa6 Nbd7 28. d5 Ra8 29. Qc4 Nxc5 30. Nxc5 Nd7 31. Qxb4 Nxc5 32. Rxa3 Rxa3 33. Qxa3 Nd7 34. Rc1 Qb7 35. h4 Rxc1+ 36. Qxc1 f6 37. Qc6 Qb1+ 38. Kh2 Nf8 39. Qxf6 Qb8 40. Bh6 Qc7 41. Qxf8# 1-0


[Site "https://www.chess.com"]

[Event "Titled Tuesday Blitz May 2 Late 2023"]
[White "Gasparyan, David"]
[Black "Van Baar, Esper"]
[WhiteFideId "13311980"]
[BlackFideId "1049321"]
[WhiteElo "2142"]
[BlackElo "2180"]
[Result "1-0"]
[Round "04"]
[TimeControl "180+2"]
[Date "2023.05.02"]
[WhiteClock "0:00:34"]
[BlackClock "0:00:02"]

1. Nf3 d5 2. c3 Nf6 3. g3 e6 4. d4 c5 5. Bg2 Bd6 6. O-O O-O 7. dxc5 Bxc5 8. Nbd2 Nc6 9. Nb3 Bb6 10. Nbd4 Nxd4 11. cxd4 Bd7 12. Ne5 Rc8 13. e3 Bb5 14. Re1 Nd7 15. Nxd7 Qxd7 16. a4 Ba6 17. b4 Bc4 18. Ba3 Bd8 19. Bf1 Be7 20. b5 Bxa3 21. Rxa3 Bxf1 22. Rxf1 Rc4 23. Qd3 Rfc8 24. Kg2 h5 25. h4 Qc7 26. Rfa1 Rc3 27. Rxc3 Qxc3 28. Qxc3 Rxc3 29. Kf3 g6 30. Ra2 Kg7 31. Ke2 Kf6 32. Kd2 Rc4 33. Ra3 Kf5 34. f3 g5 35. Ra2 gxh4 36. gxh4 f6 37. Kd3 e5 38. e4+ Ke6 39. dxe5 fxe5 40. Rg2 Rxa4 41. Rg6+ Kf7 42. Rh6 dxe4+ 43. fxe4 Rb4 44. Rh7+ Ke6 45. Rxb7 Kd6 46. Rxa7 Rxb5 47. Rh7 Rb3+ 48. Kc4 Re3 49. Rh6+ Ke7 50. Kd5 Rd3+ 51. Kxe5 Ra3 52. Rh7+ Kf8 53. Kf5 Kg8 54. Rxh5 Ra5+ 55. e5 Ra7 56. Rg5+ Kf7 57. e6+ Kf8 58. Rg6 1-0


[Site "https://www.chess.com"]

[Event "Titled Tuesday Blitz May 2 Late 2023"]
[White "Steenbekkers, Franck"]
[Black "Shubenkova, Veronika"]
[WhiteFideId "1004220"]
[BlackFideId "44124040"]
[WhiteElo "2164"]
[BlackElo "2027"]
[Result "0-1"]
[Round "04"]
[TimeControl "180+2"]
[Date "2023.05.02"]
[WhiteClock "0:00:03"]
[BlackClock "0:00:59"]

1. e4 c6 2. c4 e6 3. d4 d5 4. e5 dxc4 5. Bxc4 Nd7 6. Nc3 Nb6 7. Bb3 Ne7 8. Nf3 Nbd5 9. O-O Ng6 10. Ne4 Be7 11. Be3 O-O 12. Rc1 f5 13. exf6 Bxf6 14. Nxf6+ Qxf6 15. Bg5 Qf7 16. Qe1 Bd7 17. Ne5 Nxe5 18. Qxe5 h6 19. Bh4 Rae8 20. Rce1 Nf4 21. Bg3 Nd3 22. Qe4 Nxe1 23. Rxe1 Qf5 24. Qe2 Rf7 25. Bc2 Qa5 26. Qe4 Rf5 27. Qe2 Rd5 28. Be5 Rf8 29. Qe4 Rf5 30. g4 Rg5 31. h4 Rxg4+ 32. Qxg4 Qxe1+ 33. Kg2 Rxe5 34. dxe5 Qxe5 35. Qg6 Qd5+ 36. Be4 Qe5 37. h5 Kf8 38. Qh7 Be8 39. Bg6 Bxg6 40. hxg6 Ke7 41. Kf1 Qxb2 0-1


[Site "https://www.chess.com"]

[Event "Titled Tuesday Blitz May 2 Late 2023"]
[White "Dovbnia, Nikita"]
[Black "Pasti, Aron"]
[WhiteFideId "54104599"]
[BlackFideId "785857"]
[WhiteElo "2076"]
[BlackElo "2173"]
[Result "1-0"]
[Round "04"]
[TimeControl "180+2"]
[Date "2023.05.02"]
[WhiteClock "0:00:30"]
[BlackClock "0:00:10"]

1. Nf3 d5 2. b3 c6 3. Bb2 Bg4 4. e3 Nd7 5. Be2 Ngf6 6. c4 e6 7. Nc3 Bd6 8. O-O O-O 9. h3 Bh5 10. Rc1 e5 11. cxd5 cxd5 12. Nb5 Bb8 13. Ba3 Re8 14. Nd6 Re6 15. Nxb7 Qe8 16. Nc5 Rb6 17. Nxd7 Nxd7 18. Qc2 Bd6 19. Bxd6 Rxd6 20. Qc7 Rb6 21. Nxe5 Nxe5 22. Bxh5 Nd3 23. Rc3 Nb4 24. a3 Na6 25. Qf4 Rab8 26. b4 g6 27. Bf3 Qd8 28. Rfc1 d4 29. exd4 Rd6 30. b5 Rxd4 31. Qg3 1-0


[Site "https://www.chess.com"]

[Event "Titled Tuesday Blitz May 2 Late 2023"]
[White "Eisa Mohmood, Alkhoori"]
[Black "Bueno, Alfeu Junior Varela"]
[WhiteFideId "9316116"]
[BlackFideId "2108879"]
[WhiteElo "1310"]
[BlackElo "2175"]
[Result "1-0"]
[Round "04"]
[TimeControl "180+2"]
[Date "2023.05.02"]
[WhiteClock "0:02:27"]
[BlackClock "0:01:07"]

1. e4 e6 2. d4 d5 3. Nd2 Nf6 4. e5 Nfd7 5. Bd3 c5 6. c3 Nc6 7. Ngf3 cxd4 8. cxd4 f6 9. O-O fxe5 10. dxe5 Ndxe5 11. Nxe5 Nxe5 12. Bc2 Bd6 13. Re1 Qf6 14. Ne4 dxe4 15. Qxd6 Kf7 16. Rxe4 Nc6 17. Rf4 1-0


[Site "https://www.chess.com"]

[Event "Titled Tuesday Blitz May 2 Late 2023"]
[White "D`Arruda, Ricardo D."]
[Black "Lohia, Sohum"]
[WhiteFideId "100692"]
[BlackFideId "5819369"]
[WhiteElo "2271"]
[BlackElo "2036"]
[Result "1-0"]
[Round "04"]
[TimeControl "180+2"]
[Date "2023.05.02"]
[WhiteClock "0:01:39"]
[BlackClock "0:00:36"]

1. Nf3 Nf6 2. d4 e6 3. Nc3 d5 4. Bg5 Be7 5. Bxf6 Bxf6 6. e4 dxe4 7. Nxe4 Be7 8. Bd3 b6 9. Qe2 Bb7 10. O-O-O Nd7 11. Rhe1 O-O 12. Ne5 a5 13. f4 a4 14. a3 b5 15. c3 b4 16. cxb4 Nb6 17. Nc3 g6 18. Be4 Nd5 19. Nxd5 Bxd5 20. Qf3 Bxe4 21. Qxe4 Qd6 22. Kb1 Bf6 23. Rc1 Rad8 24. Rc4 c5 25. dxc5 Qd2 26. Rc2 Qd5 27. Qxd5 Rxd5 28. c6 Rc8 29. Rec1 Bxe5 30. fxe5 Rxe5 31. Rc5 Re3 32. R1c3 Re1+ 33. Ka2 Kf8 34. b5 Ke7 35. c7 Kd7 36. b6 f5 37. Rd3+ Ke7 38. b7 1-0


[Site "https://www.chess.com"]

[Event "Titled Tuesday Blitz May 2 Late 2023"]
[White "Bjelobrk, Igor"]
[Black "Gatterer, Florian"]
[WhiteFideId "4300726"]
[BlackFideId "811688"]
[WhiteElo "2335"]
[BlackElo "2221"]
[Result "1-0"]
[Round "04"]
[TimeControl "180+2"]
[Date "2023.05.02"]
[WhiteClock "0:00:20"]
[BlackClock "0:00:17"]

1. d4 d6 2. e4 Nf6 3. Bd3 e5 4. c3 d5 5. Qe2 dxe4 6. Bxe4 Nxe4 7. Qxe4 Nc6 8. Nf3 Be7 9. Nxe5 Nxe5 10. Qxe5 O-O 11. O-O Bd6 12. Qg5 Be7 13. Qg3 Bf5 14. Bf4 Bh4 15. Qf3 Qd7 16. Nd2 c6 17. Rfe1 Bg4 18. Qd3 Bf5 19. Qc4 Be6 20. Qf1 Bg4 21. Nc4 Bf6 22. Re3 Be6 23. Rae1 Bd5 24. a3 h6 25. Ne5 Bxe5 26. Bxe5 f6 27. Bg3 Rfe8 28. c4 Bf7 29. b3 Rxe3 30. fxe3 Re8 31. Qd3 Qg4 32. d5 Bg6 33. Qd2 Be4 34. d6 Qd7 35. c5 Kh8 36. b4 a6 37. Rf1 Qe6 38. Qc3 Rd8 39. Be1 Rd7 40. Rf2 Kh7 41. Qd4 Kh8 42. Bc3 Kh7 43. h3 Kh8 44. Rf4 Bg6 45. e4 Kh7 46. e5 fxe5 47. Qxe5 Qxe5 48. Bxe5 Kg8 49. Rg4 Kh7 50. Kf2 Bf5 51. Rf4 Be6 52. Rf8 Kg6 53. g4 Rf7+ 54. Rxf7 Kxf7 55. Ke3 Bd7 56. Kf4 g5+ 57. Ke4 Ke6 58. Bg7 Be8 59. Bxh6 Kf6 60. Bf8 Bg6+ 61. Kd4 Ke6 62. Be7 Bc2 63. Bxg5 Bd1 64. Ke3 Bb3 65. Kf4 Bd1 66. h4 Bc2 67. h5 Bb1 68. Be7 Bc2 69. Kg5 Bd3 70. Kh6 Kf7 71. g5 Bf5 72. g6+ Kg8 73. Bh4 Bd7 74. Kg5 Be6 75. h6 Bd7 76. Kf6 Kh8 77. Ke7 Bf5 78. d7 Bxd7 79. Kxd7 Kg8 80. Bf6 1-0


[Site "https://www.chess.com"]

[Event "Titled Tuesday Blitz May 2 Late 2023"]
[White "Romero Ruscalleda, Josep"]
[Black "Liu, Casper"]
[WhiteFideId "2231859"]
[BlackFideId "1454153"]
[WhiteElo "2183"]
[BlackElo "2221"]
[Result "1-0"]
[Round "04"]
[TimeControl "180+2"]
[Date "2023.05.02"]
[WhiteClock "0:02:16"]
[BlackClock "0:02:46"]

1. e4 e5 2. Nf3 Nc6 3. Bc4 Bc5 4. c3 Nf6 5. d3 d6 6. a4 a6 7. b4 Ba7 8. Bb3 h6 9. Nbd2 O-O 10. h3 d5 11. Qe2 d4 12. Bb2 dxc3 13. Bxc3 Nd4 14. Bxd4 Bxd4 15. Rb1 c6 16. Nxd4 Qxd4 17. O-O Qxb4 18. Bxf7+ 1-0


[Site "https://www.chess.com"]

[Event "Titled Tuesday Blitz May 2 Late 2023"]
[White "Chemin, Justo Reinaldo"]
[Black "Debray, Christopher"]
[WhiteFideId "2101580"]
[BlackFideId "630810"]
[WhiteElo "1940"]
[BlackElo "2340"]
[Result "1-0"]
[Round "04"]
[TimeControl "180+2"]
[Date "2023.05.02"]
[WhiteClock "0:00:30"]
[BlackClock "0:00:07"]

1. d4 d5 2. Nf3 Nf6 3. Bf4 c5 4. e3 Nc6 5. Nbd2 Bg4 6. c3 e6 7. Be2 Bd6 8. Bg3 O-O 9. O-O Bxg3 10. hxg3 cxd4 11. exd4 Rb8 12. Re1 b5 13. a3 a5 14. Ne5 Nxe5 15. dxe5 Bxe2 16. Qxe2 Nd7 17. f4 b4 18. axb4 axb4 19. Nf3 bxc3 20. bxc3 Qc7 21. Rac1 Nb6 22. f5 exf5 23. Nd4 Qc5 24. Kh2 g6 25. e6 Rfe8 26. Qe5 Nd7 27. exd7 Rxe5 28. Rxe5 Qb6 29. Rce1 Kg7 30. Re8 Rd8 31. R1e7 Qc7 32. Ne6+ Kf6 33. Nxc7 Rxe8 34. dxe8=Q h5 35. Qxf7+ 1-0


[Site "https://www.chess.com"]

[Event "Titled Tuesday Blitz May 2 Late 2023"]
[White "Kapp, Martin"]
[Black "Piesik, Piotr"]
[WhiteFideId "24651680"]
[BlackFideId "1136194"]
[WhiteElo "2177"]
[BlackElo "2299"]
[Result "0-1"]
[Round "04"]
[TimeControl "180+2"]
[Date "2023.05.02"]
[WhiteClock "0:00:02"]
[BlackClock "0:00:32"]

1. d4 c5 2. d5 e5 3. Nc3 d6 4. Nf3 Be7 5. Nd2 f5 6. e4 Nf6 7. Be2 O-O 8. O-O a6 9. a4 fxe4 10. Ndxe4 Nxe4 11. Nxe4 Nd7 12. a5 h6 13. Ra4 Nf6 14. Nxf6+ Bxf6 15. Bg4 Bd7 16. Be6+ Bxe6 17. dxe6 Qe8 18. Rg4 Qxe6 19. Bxh6 d5 20. b3 Rad8 21. Rg3 e4 22. Qh5 Rf7 23. Rd1 Bd4 24. Be3 Bxe3 25. Rxe3 Rf5 26. Qh4 Re8 27. Rh3 Qg6 28. b4 cxb4 29. Rd4 Rg5 30. Rg3 Rxg3 31. Qxg3 Qf6 32. Qe3 Qc6 33. g3 Re7 34. Rxb4 Qxc2 35. Qd4 Qc1+ 36. Kg2 Qc6 37. Rb6 Qd7 38. Rg6 Qf5 39. Rb6 Rf7 0-1


[Site "https://www.chess.com"]

[Event "Titled Tuesday Blitz May 2 Late 2023"]
[White "Palencia Morales, Wilson Guillermo"]
[Black "Gelbenegger, Patrick"]
[WhiteFideId "4401859"]
[BlackFideId "1638220"]
[WhiteElo "2139"]
[BlackElo "2160"]
[Result "1-0"]
[Round "04"]
[TimeControl "180+2"]
[Date "2023.05.02"]
[WhiteClock "0:01:17"]
[BlackClock "0:00:35"]

1. d4 d5 2. c4 e6 3. Nf3 Nf6 4. Nc3 c6 5. Bg5 Be7 6. e3 O-O 7. Qc2 Nbd7 8. O-O-O a6 9. Kb1 b5 10. c5 a5 11. Bd3 Ba6 12. Bxf6 Nxf6 13. Ne5 Qc7 14. f4 b4 15. Na4 Bxd3 16. Qxd3 Ne4 17. Rdf1 b3 18. a3 Rfb8 19. Nc3 Nxc3+ 20. Qxc3 f6 21. Nf3 Qa7 22. Qd3 Rb4 23. axb4 a4 24. Kc1 f5 25. Kd2 Rb8 26. Qc3 Qb7 27. Ne5 Bf6 28. Nd3 Qb5 29. Ra1 h5 30. Ra3 Kf7 31. Rha1 Ra8 32. Ke2 Ra6 33. Kf2 Bh4+ 34. g3 Bf6 35. Qd2 g6 36. Qe2 Ke7 37. Nc1 Kd7 38. Qxb5 cxb5 39. Rxb3 Rc6 40. Rba3 Ke7 41. b3 1-0


[Site "https://www.chess.com"]

[Event "Titled Tuesday Blitz May 2 Late 2023"]
[White "Harish, Neeraj"]
[Black "Guz, Ari"]
[WhiteFideId "30958130"]
[BlackFideId "2825759"]
[WhiteElo "1965"]
[BlackElo "2205"]
[Result "0-1"]
[Round "04"]
[TimeControl "180+2"]
[Date "2023.05.02"]
[WhiteClock "0:01:25"]
[BlackClock "0:02:14"]

1. e4 Nf6 2. e5 Nd5 3. c4 Nb6 4. d4 d6 5. exd6 cxd6 6. Nc3 g6 7. Be3 Bg7 8. Rc1 Nc6 9. b3 O-O 10. Be2 e5 11. d5 Nd4 12. Nf3 Nxe2 13. Qxe2 Bg4 14. h3 Bxf3 15. Qxf3 f5 16. O-O a6 17. a4 Nd7 18. b4 e4 19. Qe2 Ne5 20. c5 Nd3 21. Rb1 Bxc3 0-1


[Site "https://www.chess.com"]

[Event "Titled Tuesday Blitz May 2 Late 2023"]
[White "Kohler, Aran"]
[Black "Cruz, William Ferreira Da"]
[WhiteFideId "1002856"]
[BlackFideId "2118050"]
[WhiteElo "2010"]
[BlackElo "2223"]
[Result "0-1"]
[Round "04"]
[TimeControl "180+2"]
[Date "2023.05.02"]
[WhiteClock "0:00:10"]
[BlackClock "0:00:46"]

1. e4 e6 2. d4 d5 3. Nc3 Nf6 4. Bg5 dxe4 5. Bxf6 gxf6 6. Nxe4 f5 7. Ng3 a6 8. c3 c5 9. Nf3 Nc6 10. Be2 cxd4 11. Nxd4 Nxd4 12. Qxd4 Qxd4 13. cxd4 Bg7 14. O-O-O Bd7 15. Bf3 Rc8+ 16. Kb1 Bc6 17. d5 Bd7 18. Rhe1 O-O 19. dxe6 Bxe6 20. Nh5 Rc7 21. Nxg7 Kxg7 22. Rc1 Rfc8 23. Rxc7 Rxc7 24. g3 Kf6 25. Bd1 Rd7 26. f4 Rd2 27. Be2 Bd5 28. Kc1 Rd4 29. Rd1 Re4 30. Bd3 Re3 31. Bxf5 Bxa2 32. Bxh7 Bb3 33. Bc2 Be6 34. Rg1 Bg4 35. Bd1 Kf5 36. Bc2+ Kf6 37. Bd1 Kf5 38. Kd2 Re7 39. Bc2+ Kf6 40. Re1 Rd7+ 41. Ke3 Rc7 42. Bd3 b5 43. b4 Rc3 44. Kd4 Rb3 45. Re5 Rxb4+ 46. Kc5 Rb3 47. Be4 Rc3+ 48. Kb6 b4 49. Kxa6 b3 50. Rb5 Be2 51. Ka5 Bxb5 52. Kxb5 b2 53. Kb4 Rc1 54. g4 b1=Q+ 55. Bxb1 Rxb1+ 56. Kc3 Rh1 57. Kd3 Rxh2 58. Ke4 Rg2 59. g5+ Kg6 60. Ke5 Rg4 61. f5+ Kxg5 62. f6 Rf4 63. Kd6 Rxf6+ 64. Ke7 Re6+ 0-1


[Site "https://www.chess.com"]

[Event "Titled Tuesday Blitz May 2 Late 2023"]
[White "Martic, Ivan"]
[Black "Georg, Heinz"]
[WhiteFideId "929301"]
[BlackFideId "4607295"]
[WhiteElo "2360"]
[BlackElo "2147"]
[Result "1-0"]
[Round "04"]
[TimeControl "180+2"]
[Date "2023.05.02"]
[WhiteClock "0:02:25"]
[BlackClock "0:02:17"]

1. d4 e6 2. e4 a6 3. Nd2 c5 4. c3 b5 5. Ngf3 Bb7 6. Bd3 Nf6 7. e5 Nd5 8. Ne4 cxd4 9. cxd4 Qb6 10. O-O Nc6 11. Bb1 Be7 12. Bg5 f6 13. exf6 gxf6 14. Bh4 O-O-O 15. a4 b4 16. a5 Qc7 17. Bg3 d6 18. Nc5 Qd7 19. Nxd7 1-0


[Site "https://www.chess.com"]

[Event "Titled Tuesday Blitz May 2 Late 2023"]
[White "Urbina Perez, Juan Antonio"]
[Black "Leschinsky, Gary"]
[WhiteFideId "2217368"]
[BlackFideId "30951321"]
[WhiteElo "2197"]
[BlackElo "1855"]
[Result "0-1"]
[Round "04"]
[TimeControl "180+2"]
[Date "2023.05.02"]
[WhiteClock "0:00:20"]
[BlackClock "0:01:31"]

1. e4 c5 2. Nf3 e6 3. b3 b6 4. d4 cxd4 5. Nxd4 Bb7 6. Bd3 Nf6 7. Qe2 Nc6 8. Bb2 Qc7 9. Nd2 a6 10. Nxc6 Bxc6 11. O-O-O Be7 12. g4 O-O 13. g5 Ne8 14. h4 b5 15. h5 f6 16. gxf6 Nxf6 17. h6 g6 18. f4 d6 19. Rhg1 e5 20. fxe5 dxe5 21. Nf3 Nd7 22. Ng5 Nc5 23. Qg4 Rf4 24. Qg2 Rc8 25. Nxh7 Nxd3+ 26. Rxd3 Bxe4 27. Qxg6+ Bxg6 28. Rxg6+ Kxh7 29. Rg7+ Kh8 30. c4 bxc4 31. Rc3 Rf1+ 32. Kd2 Qd7+ 33. Ke3 Qd4+ 0-1


[Site "https://www.chess.com"]

[Event "Titled Tuesday Blitz May 2 Late 2023"]
[White "Smith, Shreyas"]
[Black "Golubev, Mikhail"]
[WhiteFideId "7400713"]
[BlackFideId "14100983"]
[WhiteElo "2151"]
[BlackElo "2374"]
[Result "1-0"]
[Round "04"]
[TimeControl "180+2"]
[Date "2023.05.02"]
[WhiteClock "0:00:02"]
[BlackClock "0:00:01"]

1. e4 c5 2. Nf3 d6 3. Bb5+ Bd7 4. c4 Nc6 5. O-O Nf6 6. Re1 e5 7. d3 Be7 8. Bg5 a6 9. Ba4 Nh5 10. Bxc6 bxc6 11. Bd2 Nf6 12. b4 cxb4 13. Bxb4 O-O 14. Nbd2 c5 15. Bc3 g6 16. h3 Nh5 17. Nf1 Ng7 18. Ne3 f5 19. Nd5 f4 20. Rb1 g5 21. Qd2 g4 22. hxg4 Bxg4 23. Nh2 Bd7 24. Ba5 Qe8 25. Nc7 Qg6 26. Nxa8 f3 27. g3 Nh5 28. Nf1 Nf4 29. Rb7 Nh3+ 30. Kh2 Qh5 31. g4 1-0


[Site "https://www.chess.com"]

[Event "Titled Tuesday Blitz May 2 Late 2023"]
[White "Suvorov, Luca"]
[Black "Fernandez Madrid, Carlos"]
[WhiteFideId "12977071"]
[BlackFideId "2206030"]
[WhiteElo "2202"]
[BlackElo "2082"]
[Result "1-0"]
[Round "04"]
[TimeControl "180+2"]
[Date "2023.05.02"]
[WhiteClock "0:02:05"]
[BlackClock "0:02:31"]

1. e4 g6 2. d4 Bg7 3. Nc3 d6 4. Nf3 a6 5. h4 h5 6. Bg5 b5 7. a4 b4 8. Nd5 a5 9. Bc4 c6 10. Nf4 Ba6 11. Bxa6 Nxa6 12. Qe2 c5 13. e5 Nh6 14. e6 f6 15. Nxg6 fxg5 16. Qb5+ 1-0


[Site "https://www.chess.com"]

[Event "Titled Tuesday Blitz May 2 Late 2023"]
[White "Marcziter, Dmitrii"]
[Black "Hartikainen, Jarmo"]
[WhiteFideId "13900765"]
[BlackFideId "503134"]
[WhiteElo "2162"]
[BlackElo "2108"]
[Result "1-0"]
[Round "04"]
[TimeControl "180+2"]
[Date "2023.05.02"]
[WhiteClock "0:00:52"]
[BlackClock "0:00:29"]

1. d4 Nf6 2. Nf3 d5 3. c4 c5 4. cxd5 cxd4 5. Qxd4 Qxd5 6. Nc3 Qxd4 7. Nxd4 a6 8. e4 e5 9. Nf5 Bxf5 10. exf5 Nc6 11. Bg5 Nd4 12. Bd3 Bb4 13. O-O O-O 14. Bxf6 gxf6 15. Nd5 Bd6 16. Nxf6+ Kg7 17. Nh5+ Kh6 18. Ng3 f6 19. Rac1 Rac8 20. Be4 b5 21. Bb7 Rxc1 22. Rxc1 a5 23. Kf1 Rd8 24. Be4 Kg5 25. f3 h5 26. Kf2 h4 27. Nf1 Nxf5 28. Bxf5 Kxf5 29. Ne3+ Ke6 30. Rc6 Kd7 31. Ra6 a4 32. Nd5 f5 33. Ke2 Rc8 34. Nb6+ 1-0


[Site "https://www.chess.com"]

[Event "Titled Tuesday Blitz May 2 Late 2023"]
[White "Sailer, Mike"]
[Black "Gerbelli Neto, Eduardo"]
[WhiteFideId "2012901"]
[BlackFideId "2103281"]
[WhiteElo "2109"]
[BlackElo "2178"]
[Result "0-1"]
[Round "04"]
[TimeControl "180+2"]
[Date "2023.05.02"]
[WhiteClock "0:00:08"]
[BlackClock "0:00:18"]

1. d4 d5 2. Bg5 f6 3. Bh4 Nh6 4. f3 c6 5. Nc3 Qb6 6. Rb1 e5 7. e3 Nf5 8. Bf2 exd4 9. exd4 Bb4 10. Bd3 O-O 11. Ne2 Nd6 12. O-O Bf5 13. a3 Bxc3 14. bxc3 Qc7 15. Bg3 Bxd3 16. cxd3 b6 17. c4 Qe7 18. Bxd6 Qxd6 19. Nc3 Qxa3 20. Qd2 Nd7 21. Ra1 Qd6 22. cxd5 cxd5 23. Nb5 Qb8 24. Qa2 Qb7 25. Rfe1 Rfd8 26. Re7 Qc6 27. Rae1 Qxb5 28. Qe2 Nf8 29. Qa2 Qxd3 30. Qxd5+ Rxd5 0-1


[Site "https://www.chess.com"]

[Event "Titled Tuesday Blitz May 2 Late 2023"]
[White "Dias, Joao Batista"]
[Black "Carrasco Miranda, Andres"]
[WhiteFideId "2108240"]
[BlackFideId "3405990"]
[WhiteElo "1907"]
[BlackElo "2183"]
[Result "0-1"]
[Round "04"]
[TimeControl "180+2"]
[Date "2023.05.02"]
[WhiteClock "0:00:05"]
[BlackClock "0:01:09"]

1. e4 e5 2. Nf3 Nc6 3. d4 exd4 4. Nxd4 Nf6 5. Nxc6 bxc6 6. Bd3 d5 7. exd5 Bd6 8. O-O O-O 9. Nc3 cxd5 10. Bg5 c6 11. Qf3 Rb8 12. b3 Be6 13. Rad1 Be5 14. Na4 h6 15. Bxf6 Qxf6 16. Qxf6 Bxf6 17. Nc5 Bg4 18. f3 Bd4+ 19. Kh1 Bxf3 20. Rxf3 Bxc5 21. g3 Rfe8 22. Kg2 g6 23. Rdf1 Rb7 24. Rf6 Rc7 25. h4 h5 26. R1f3 Re1 27. a4 Rg1+ 28. Kh2 Re1 29. Kg2 Bd4 30. R6f4 c5 31. g4 Be5 32. gxh5 Bxf4 33. Rxf4 gxh5 34. Rf5 c4 35. bxc4 dxc4 36. Bf1 Rd7 37. Rg5+ Kf8 38. Bxc4 Rd2+ 39. Kf3 Rxc2 40. Bb5 Rc3+ 41. Kf2 Ra1 42. Rxh5 Ra2+ 43. Ke1 Rc1# 0-1


[Site "https://www.chess.com"]